 Dungeon Crawl Stone Soup version 0.32-a0-918-g0f22ef8d61 (webtiles) character file.

Game seed: 15814338992100778047

8 porpoise the Poker (level 2, -1/22 HPs)
             Began as a Demonspawn Gladiator on Apr 11, 2024.
             Slain by a jackal (3 damage)
             ... on level 1 of the Dungeon.
             The game lasted 00:00:29 (35 turns).

porpoise the Poker (Demonspawn Gladiator)             Turns: 35, Time: 00:00:30

Health: -1/22      AC:  4    Str: 14    XL:     2   Next: 0%
Magic:  2/2        EV: 11    Int:  8    God:
Gold:   0          SH:  0    Dex: 14    Spells: 1/1 levels left

rFire   . . .        a - +0 trident
rCold   . . .        (no shield)
rNeg    . . .        b - +0 leather armour
rPois   .            c - +0 helmet
rElec   .            (no cloak)
rCorr   .            (no gloves)
SInv    .            (no boots)
Will    .....        (no amulet)
Stlth   +            (no ring)
HPRegen 0.23/turn    (no ring)
MPRegen 0.08/turn

%: no passive effects
@: no status effects
A: demonic guardian 1
a: no special abilities


You were on level 1 of the Dungeon.
You visited 1 branch of the dungeon, and saw 1 of its levels.

Inventory:

Hand Weapons
 a - a +0 trident (weapon)
Missiles
 d - 3 throwing nets (quivered)
 e - a javelin
Armour
 b - a +0 leather armour (worn)
 c - a +0 helmet (worn)


   Skills:
 + Level 2.2 Fighting
 * Level 3.1 Polearms
 - Level 1.7 Throwing
 - Level 2.6 Dodging


You had one spell level left.
You didn't know any spells.
Your spell library was empty.

Dungeon Overview and Level Annotations

Branches:
Dungeon (1/15)

Altars:


Innate Abilities, Weirdness & Mutations

A weak demonic guardian rushes to your aid.


Message History

You hit the jackal.
You kill the jackal!
You hit the jackal.
You kill the jackal!
The ball python barely misses you. The ball python grabs you.
The ball python constricts you.
Your Polearms skill increases to level 3!
You closely miss the ball python. The ball python barely misses you.
The ball python constricts you.
You completely miss the ball python.
The ball python bites you but does no damage.
The ball python constricts you.
You barely miss the ball python.
The ball python bites you but does no damage.
The ball python constricts you.
* * * LOW HITPOINT WARNING * * *
The ball python bites you.
* * * LOW HITPOINT WARNING * * *
The ball python constricts you.
You puncture the ball python!
You kill the ball python!
The bat hits you.
* * * LOW HITPOINT WARNING * * *
You hit the bat.
You kill the bat!
You have reached level 2!
Your demonic ancestry asserts itself...
You feel the presence of a demonic guardian.
The goblin shouts!
You hit the jackal.
The jackal is almost dead.
You hear a shout! x2
The jackal bites you.
* * * LOW HITPOINT WARNING * * *
A demonic guardian appears!
The jackal barely misses you.
You closely miss the jackal.
The jackal is almost dead.
The jackal bites you but does no damage.
The jackal bites you.
You die...

.. h# #.#. #+#
....!.g #.# .#r#.#
#.# ..h.. #
#.##.#.#.# #.
#.#.......
##.#####..#?#.#.#
#...@hbhrg......#
#..##5###........#
# ##♣.♣##..!.....#
+..<..+....#####
##~~~##.##...
#PPP##.# ..?.
######.# ..... ###
.....


You could see 2 jackals, a goblin, a bat, a rat and a friendly iron imp
(summoned).

Vanquished Creatures
  2 ball pythons (D:1)
  An endoplasm (D:1)
  2 jackals (D:1)
  2 bats (D:1)
7 creatures vanquished.

Notes
Turn   | Place    | Note
-------+----------+-------------------------------------------
     0 | D:1      | porpoise the Demonspawn Gladiator began the quest for the
                  | Orb.
     0 | D:1      | Reached XP level 1. HP: 16/16 MP: 1/1
    28 | D:1      | Reached skill level 3 in Polearms
    33 | D:1      | Gained mutation: A weak demonic guardian rushes to your
                  | aid. [demonic ancestry]
    33 | D:1      | Reached XP level 2. HP: 2/22 MP: 2/2
    33 | D:1      | HP: 1/22 [jackal (1)]
    35 | D:1      | Slain by a jackal

Illustrated notes

Levels and vault maps discovered:
D:1:      tarquinn_simple_flora_water_e, layout_basic,
          dreamdust_ecumenical_altar_hidden_monk_grotto, st_stairs_11,
          minmay_worlds_worst_comb

Skill      XL: |  1 |
---------------+----+-----
Polearms       | 3 |  3.1
Fighting       | |  2.2
Throwing       | |  1.7
Dodging        | |  2.6

Action                     || total
---------------------------++-------
  Melee: Trident           ||    19
 Armour: Leather armour    ||    34
  Dodge: Dodged            ||    21

Table legend: (Time is in decaauts)
 A = Elapsed time spent in this place.
 B = Non-inter-level travel time spent in this place.
 C = Inter-level travel time spent in this place.
 D = Time resting spent in this place.
 E = Time spent auto-exploring this place.
 F = Levels seen in this place.
 G = Mean time per level.
                   A        B        C        D        E       F      G
               +--------+--------+--------+--------+--------+-----+--------+
         Total |     37 |     37 |      0 |      0 |      5 |   1 |   37.0 |
       Dungeon |     37 |     37 |      0 |      0 |      5 |   1 |   37.0 |
               +--------+--------+--------+--------+--------+-----+--------+

Top non-repeatable levels by time:
     D:1: 37 daAuts
